 Dungeon Crawl Stone Soup version 0.31-a0-174-g85c54bcb58 (webtiles) character file.

Game seed: 11687334214338654604

1811 senseless the Magician (level 8, -7/41 HPs)
             Began as a Deep Elf Earth Elementalist on June 15, 2023.
             Was a Follower of Vehumet.
             Engulfed by a cloud of steam (9 damage)
             ... on level 7 of the Dungeon.
             The game lasted 00:22:08 (6781 turns).

senseless the Magician (DEEE)                       Turns: 6781, Time: 00:22:09

Health: -7/41      AC:  6    Str:  8    XL:     8   Next: 84%
Magic:  12/21      EV: 15    Int: 23    God:    Vehumet [*.....]
Gold:   851        SH:  0    Dex: 15    Spells: 9/21 levels left

rFire   . . .        o - +3 short sword "Casaciav" {freeze, rC+ rN+ Str+3}
rCold   + . .        (no shield)
rNeg    + . .        a - +1 robe
rPois   .            (no helmet)
rElec   .            (no cloak)
rCorr   .            n - +2 pair of gloves
SInv    .            (no boots)
Will    .....        (no amulet)
Stlth   ++           f - ring of flight
HPRegen 0.26/turn    (no ring)
MPRegen 0.17/turn

%: no passive effects
@: flying
A: no striking features
a: Renounce Religion


You were on level 7 of the Dungeon.
You worshipped Vehumet.
Vehumet was aware of your devotion.
You visited 2 branches of the dungeon, and saw 8 of its levels.

You collected 851 gold pieces.

Inventory:

Hand Weapons
 c - a +1 sling of draining
 i - a +3 dagger
 o - the +3 short sword "Casaciav" (weapon) {freeze, rC+ rN+ Str+3}
   (You found it on level 2 of the Dungeon)

   Str:       It affects your strength (+3).
   rC:        It protects you from cold.
   rN:        It protects you from negative energy.
Missiles
 s - a throwing net
Armour
 a - a +1 robe (worn)
 n - a +2 pair of gloves (worn)
Jewellery
 f - a ring of flight (left hand)
 k - an amulet of guardian spirit
Wands
 q - a wand of roots (15)
 w - a wand of charming (10)
Scrolls
 e - 3 scrolls of enchant weapon
 r - a scroll of fear {unknown}
 t - a scroll of amnesia
Potions
 b - a potion of magic
 d - 2 potions of attraction
 g - 4 potions of resistance
 h - 3 potions of heal wounds
 j - 3 potions of brilliance
 l - a potion of cancellation
 m - 4 potions of lignification
 p - 3 potions of curing
 v - a potion of ambrosia


   Skills:
 + Level 6.5 Dodging
 - Level 3.1 Stealth
 + Level 7.4 Spellcasting
 + Level 5.2 Conjurations
 + Level 5.5 Transmutations
 + Level 6.4 Earth Magic


You had 9 spell levels left.
You knew the following spells:

 Your Spells              Type           Power      Damage    Failure   Level
a - Sandblast             Erth           76%        2d16      1%          1
b - Stone Arrow           Conj/Erth      70%        3d11      1%          3
c - Passwall              Tmut/Erth      30%        N/A       1%          2
d - Petrify               Tmut/Erth      36%        N/A       6%          4
e - Searing Ray           Conj           64%        2d6       1%          2

Your spell library contained the following spells:

 Spells                   Type           Power      Damage    Failure   Level
 Freeze                   Ice            32%        1d5       8%          1
 Beastly Appendage        Tmut           66%        N/A       1%          1
 Magic Dart               Conj           100%       1d8       1%          1
 Wereblood                Tmut           33%        N/A       1%          2
 Spider Form              Tmut/Pois      21%        N/A       7%          3
 Necrotise                Necr           32%        1d5       8%          1
 Vampiric Draining        Necr           8%         2d6       22%         3
 Fulminant Prism          Conj/Hex       10%        3d8       26%         4
 Agony                    Necr           8%         N/A       90%         5


Dungeon Overview and Level Annotations

Branches:
Dungeon (7/15)             Temple (1/1) D:5

Altars:
Ashenzari
Cheibriados
Dithmenos
Gozag
Makhleb
Nemelex Xobeh
Qazlal
Ru
Trog
Vehumet
Yredelemnul
Zin
The Shining One

Annotations:
D:6 2 transporters, discopopstar's ghost, novice DECj


Message History

You hear a shout!
You are engulfed in a cloud of scalding steam.
The blast of sand hits the steam dragon!
The steam dragon is heavily wounded.
The steam dragon bites you! The steam dragon claws you.
You are too injured to fight recklessly!
You are too injured to fight recklessly!
Casting: Sandblast (safe; 1% risk of failure)
Confirm with . or Enter, or press ? or * to list all spells.
Aiming: Stone Arrow (dangerous; 2% risk of failure)
Press: ? - help, Shift-Dir - straight line, f/p - steam dragon
Aim: a steam dragon (moderately wounded, 74% to hit)
The stone arrow hits the steam dragon!
The steam dragon is almost dead.
The wight is engulfed in a cloud of scalding steam.
The steam dragon breathes steam at you. The ball of steam misses you.
Casting: Stone Arrow (dangerous; 2% risk of failure)
Confirm with . or Enter, or press ? or * to list all spells.
Aiming: Searing Ray (safe; 1% risk of failure)
Press: ? - help, Shift-Dir - straight line, p - steam dragon The searing ray hits the steam dragon.
You kill the steam dragon!
Vehumet accepts your kill.
The searing ray hits the wight.
The wight is severely damaged. (Press . to maintain the ray.)
You are engulfed in a cloud of scalding steam.
The searing ray hits the wight but does no damage.
The wight is severely damaged.
You are engulfed in a cloud of scalding steam.
* * * LOW HITPOINT WARNING * * *
The wight hits you with a +4 war axe.
* * * LOW HITPOINT WARNING * * *
Unknown command.
The searing ray hits the wight!
You destroy the wight!
Vehumet accepts your kill.
You are engulfed in a cloud of scalding steam.
You die...

#.. #... #...## #####
#..... ..§§#
##.....###.#§# ....
........>..#@# ....
...........#)# .....
......$....#.# ..[.
#>..........# ..>#
#.....z...#####...###
#....###........# ..#
#....
#####).#...#.########
#...
#..#####.##......
....<
#.....##.##.#####


There were no monsters in sight!

Vanquished Creatures
  A steam dragon (D:7)
  2 black bears (D:5)
  A centaur (D:6)
  A phantom (D:6)
  A kobold brigand (D:6)
  2 scorpions (D:6)
  8 wights
  A howler monkey (D:4)
  2 hounds
  A gnoll bouda (D:3)
  4 orc priests
  7 iguanas
  3 orc wizards
  8 gnolls
  7 adders
  2 shadow imps
  2 white imps (D:6)
  2 ufetubi
  5 worms
  5 dart slugs
  11 orcs
  3 bats
  9 endoplasms
  4 giant cockroaches
  7 goblins
  5 hobgoblins
  7 jackals
  18 kobolds
  3 quokkas
  8 ball pythons
  6 frilled lizards
  4 rats
150 creatures vanquished.

Notes
Turn   | Place    | Note
-------+----------+-------------------------------------------
     0 | D:1      | senseless the Deep Elf Earth Elementalist began the quest
                  | for the Orb.
     0 | D:1      | Reached XP level 1. HP: 10/10 MP: 6/6
   335 | D:1      | Reached XP level 2. HP: 15/15 MP: 6/8
   709 | D:1      | Found a faded altar of an unknown god.
   904 | D:2      | Reached XP level 3. HP: 19/19 MP: 7/9
   908 | D:2      | Learned a level 3 spell: Stone Arrow
   911 | D:2      | Learned a level 2 spell: Passwall
  1060 | D:2      | Identified the +3 short sword "Casaciav" {freeze, rC+ rN+
                  | Str+3}
  1397 | D:2      | Reached XP level 4. HP: 24/24 MP: 9/11
  1701 | D:2      | Reached skill level 1 in Conjurations
  2053 | D:3      | Learned a level 4 spell: Petrify
  2834 | D:4      | Reached skill level 4 in Spellcasting
  2865 | D:3      | Reached XP level 5. HP: 3/28 MP: 3/13
  3377 | D:4      | Reached XP level 6. HP: 32/32 MP: 12/14
  3718 | D:4      | Found a snail-covered altar of Cheibriados.
  3950 | D:4      | Learned a level 2 spell: Searing Ray
  3951 | D:5      | Entered Level 5 of the Dungeon
  3972 | D:4      | Reached skill level 5 in Spellcasting
  4320 | D:5      | Reached XP level 7. HP: 36/36 MP: 12/17
  4326 | D:5      | Reached skill level 5 in Earth Magic
  4661 | D:5      | Found a staircase to the Ecumenical Temple.
  4701 | Temple   | Entered the Ecumenical Temple
  4799 | Temple   | Became a worshipper of Vehumet
  4857 | D:5      | Reached skill level 5 in Dodging
  5334 | D:6      | Noticed a queen bee
  5341 | D:6      | Noticed a hornet
  5394 | D:6      | Reached skill level 6 in Spellcasting
  5545 | D:6      | Found an opulent altar of Gozag.
  5577 | D:6      | Reached XP level 8. HP: 41/41 MP: 11/19
  5791 | D:6      | Found a transporter.
  5791 | D:6      | Noticed discopopstar's ghost (novice DECj)
  5807 | D:6      | Found a transporter.
  6078 | D:6      | Reached skill level 5 in Transmutations
  6201 | D:6      | Reached * piety under Vehumet
  6201 | D:6      | Offered knowledge of Freeze by Vehumet.
  6246 | D:6      | Reached skill level 7 in Spellcasting
  6283 | D:6      | Reached skill level 5 in Conjurations
  6720 | D:6      | Identified a scroll of acquirement
  6720 | D:6      | Acquired 590 gold pieces
  6780 | D:7      | HP: 2/41 [wight/+4 war axe (5)]
  6781 | D:7      | Engulfed by a cloud of steam

Illustrated notes

Levels and vault maps discovered:
D:1:      dpeg_arrival_water_temple_mockup, layout_loops_ring,
          ebering_ecumenical_altar_mist, minivault_24
D:2:      layout_loops_corners, kennysheep_generic_room_8
D:3:      layout_loops_ring
D:4:      layout_loops_ring, kennysheep_little_box, serial_bayou_pond_c
D:5:      layout_gridville, minmay_temple_entry_junction_2, st_stairs_12,
          hangedman_decor_slide_cut
D:6:      dreamdust_elfheim, layout_loops_corners, mainiacjoe_overflow_brackets,
          gammafunk_ghost_hive, minmay_holes, hangedman_decor_opposing,
          minmay_crossroads
D:7:      layout_loops_cross
Temple:   jpeg_temple_clearing

Skill      XL: |  1  2  3  4  5  6  7  8 |
---------------+-------------------------+-----
Stealth        | 3 |  3.1
Dodging        | 3 4 5 6 |  6.5
Transmutations | 2 3 4 5 |  5.5
Conjurations   | 1 2 3 4 5 |  5.2
Earth Magic    | 4 5 6 |  6.4
Spellcasting   | 4 5 6 7 |  7.4

Action                     |  1- 3 |  4- 6 |  7- 9 || total
---------------------------+-------+-------+-------++-------
  Melee: Short sword       |       |       |     1 ||     1
   Cast: Sandblast         |    40 |   115 |    77 ||   232
         Stone Arrow       |       |     3 |    10 ||    13
         Passwall          |       |     1 |       ||     1
         Searing Ray       |       |     1 |     4 ||     5
         Petrify           |       |       |     1 ||     1
    Use: Scroll            |       |    10 |     5 ||    15
 Armour: Robe              |     2 |    15 |    10 ||    27
  Dodge: Dodged            |     3 |    47 |    36 ||    86

Table legend: (Time is in decaauts)
 A = Elapsed time spent in this place.
 B = Non-inter-level travel time spent in this place.
 C = Inter-level travel time spent in this place.
 D = Time resting spent in this place.
 E = Time spent auto-exploring this place.
 F = Levels seen in this place.
 G = Mean time per level.
                   A        B        C        D        E       F      G
               +--------+--------+--------+--------+--------+-----+--------+
         Total |   6899 |   6738 |    161 |    310 |   5513 |   8 |  862.4 |
       Dungeon |   6786 |   6660 |    126 |    310 |   5449 |   7 |  969.4 |
        Temple |    112 |     77 |     35 |      0 |     64 |   1 |  112.0 |
               +--------+--------+--------+--------+--------+-----+--------+

Top non-repeatable levels by time:
     D:6: 1477 daAuts
     D:5: 1187 daAuts
     D:2: 1151 daAuts
     D:3: 1046 daAuts
     D:4: 955 daAuts
     D:1: 908 daAuts
  Temple: 112 daAuts
     D:7: 59 daAuts
